AoeStats
← [Massa] Edo

Oasis

510229296Analyzed
2v2 RM · 9h ago on Sep 30, 2026· 11m 17s· 4 players
Game mode
Random Map
Map size
Medium (4 player)
Population
200
Speed
Normal
Resources
Standard
Victory
Conquest
Starting age
Dark Age
Ending age
Imperial Age
RankedLock teamsTeams togetherTeam positionsShared explorationLock speedFull tech treeHidden civsTurbo modeCheats
Victory
Defeat
🇧🇷 Khitans · Brazil
1428
+14
🇧🇷 Chinese · Brazil
1411
+14
🇺🇸 Spanish · United States
1385
-14
🇨🇳 Shu · China
1374
-14
Ray
4:16 Loom
12:19 Feudal Age
从小耍到大
10:33 Feudal Age
10:41 Loom
[Massa] Edo
8:54 Feudal Age
7:43 Loom
9:34 Double-Bit Axe
10:53 Domestication
tg
0:26 Loom
9:59 Feudal Age
10:49 Double-Bit Axe
Connection lost

Rejoining the realm…

Still unreachable

The connection could not be restored.

Session expired

The server has moved on; the page needs a fresh start.